 Dungeon Crawl Stone Soup version 0.28-a0-536-g4f1c8046e5 (webtiles) character file.

Game seed: 7507261116952743024

30 IndexError the Skirmisher (level 3, -3/30 HPs)
             Began as a Djinni Cinder Acolyte on Sept 27, 2021.
             Was a High Priest of Ignis.
             Slain by Robin (4 damage)
             ... on level 2 of the Dungeon.
             The game lasted 00:02:54 (1399 turns).

IndexError the Skirmisher (Djinni Cinder Acolyte)   Turns: 1399, Time: 00:02:54

Health: -3/30      AC:  2    Str: 13    XL:     3   Next: 35%
Gold:   37         EV: 11    Int: 16    God:    Ignis [*****.] SH:  0 Dex:  8

rFire   + + +      SeeInvis +   a - -1 falchion (flame)
rCold   x . .      Faith    .   (no shield)
rNeg    . . .      Spirit   .   b - +0 robe
rPois   ∞          Reflect  .   (no helmet)
rElec   .          Harm     .   (no cloak)
rCorr   .          Rampage  .   (no gloves)
Will    .....                   (boots unavailable)
Stlth   +.........              (no amulet)
HPRegen 0.10/turn               g - ring of see invisible {sInv, !d}
MPRegen 0.00/turn               (no ring)

@: flying, very slightly contaminated
A: sickness immunity, fire resistance 2, cold vulnerability 1, float, innate
caster, hp casting, extra vitality 1
a: Renounce Religion, Sea of Fire, Foxfire Swarm, Rising Flame


You were on level 2 of the Dungeon.
You worshipped Ignis.
Ignis was extremely pleased with you.
You visited 1 branch of the dungeon, and saw 2 of its levels.

You collected 37 gold pieces.

Inventory:

Hand Weapons
 a - a -1 falchion of flaming (weapon)
Armour
 b - a +0 robe (worn)
Jewellery
 g - a ring of see invisible (left hand) {sInv, !d}
   (You found it on level 2 of the Dungeon)
Scrolls
 c - a scroll of blinking {unknown}
 d - a scroll of identify {unknown}
 f - a scroll of teleportation {unknown}
Potions
 e - a potion of ambrosia {unknown}
 h - a potion of heal wounds {unknown}


   Skills:
 + Level 3.6 Fighting
 - Level 2.6 Long Blades
 + Level 2.9 Spellcasting


You had 4 spell levels left.
You knew the following spells:

 Your Spells              Type           Power      Damage    Failure   Level
a - Scorch                Fire           22%        2d6       9%          2
b - Summon Small Mammal   Summ           44%        N/A       5%          1
Your spell library was empty.

Dungeon Overview and Level Annotations

Branches:
Dungeon (2/15)

Altars:

Annotations:
D:2 Robin


Innate Abilities, Weirdness & Mutations

You are immune to sickness and miasma.
You are immune to poison.
Your flesh is very heat resistant. (rF++)
You are vulnerable to cold. (rC-)
You float through the air rather than walking.
You learn spells naturally, not from books.
Your magical power is your life essence.
You have superior vitality. (+4 HP)


Message History

Done exploring.
Done exploring.
There is an escape hatch in the floor here.
There is a stone staircase leading down here.
You fly downwards.
The endoplasm quivers.
There is a stone staircase leading up here.
You fly upwards.
There is a stone staircase leading down here.
There is a stone staircase leading down here.
You fly downwards.
There is a stone staircase leading up here.
You fly upwards.
There is a stone staircase leading down here.
You see here a +0 hand axe.
There is an open door here.
There is a stone staircase leading down here.
You fly downwards.
There is a stone staircase leading up here.
g - a ring of see invisible {sInv, !d}
g - a ring of see invisible (left hand) {sInv, !d}
Found a stone staircase leading down.
A hobgoblin comes into view.
The hobgoblin moves out of view.
h - a murky red potion A hobgoblin is nearby!
You slash the hobgoblin! You burn the hobgoblin.
No target in view!
No target in view! 3 goblins come into view.
The goblin shouts! x3; You hear a shout! x2
Robin of the Strong Arm comes into view.
They are wielding a +0 short sword.
A goblin comes into view. It is wielding a +0 club.
A hobgoblin comes into view.
The goblin moves out of view.
You hear a shout!
There are monsters nearby!
There are monsters nearby!
Fires begin to smoulder around you!
The hobgoblin shouts!
You hear a shout! x2
Robin throws the goblin at you! The goblin hits you with a +0 club.
You take 2 damage, and have 28/30 hp.
You hit the goblin. You burn the goblin. The hobgoblin closely misses you.
The fire ignites! x6; The goblin smothers the flame. x2
The hobgoblin smothers the flame.
The fire ignites! x12
You hit the hobgoblin. You burn the hobgoblin. Robin throws the goblin at you!
The goblin is engulfed in blazing flames.
The hobgoblin hits you. Robin throws the goblin at you!
The goblin is engulfed in blazing flames.
You take 6 damage, and have 23/30 hp.
You hit the hobgoblin but do no damage. The hobgoblin hits you.
Robin roars a battlecry!
The goblins go into a battle-frenzy!
You hear a shout! x2
You take 2 damage, and have 21/30 hp.
You closely miss the hobgoblin.
You hear a shout!
The hobgoblin hits you but does no damage.
A goblin comes into view. It is wielding a +0 dagger.
You barely miss the hobgoblin. The hobgoblin hits you.
A goblin comes into view. It is wielding a +0 dagger.
You take 2 damage, and have 19/30 hp.
You closely miss the hobgoblin. The hobgoblin completely misses you.
A goblin comes into view. It is wielding a +0 dagger.
The hobgoblin hits you.
You take 5 damage, and have 14/30 hp.
You are too injured to fight recklessly!
Casting: Scorch (safe; 9% risk of failure)
Confirm with . or Enter, or press ? or * to list all spells.
Flames lash the goblin.
The hobgoblin barely misses you.
You take 2 damage, and have 12/30 hp.
Casting: Scorch (safe; 9% risk of failure)
Confirm with . or Enter, or press ? or * to list all spells.
Flames lash the hobgoblin.
A goblin comes into view. It is wielding a +0 club.
You take 2 damage, and have 10/30 hp.
Casting: Scorch (safe; 9% risk of failure)
Confirm with . or Enter, or press ? or * to list all spells.
Flames lash the goblin.
* * * LOW HITPOINT WARNING * * *
You take 1 damage, and have 9/30 hp.
Casting: Scorch (safe; 9% risk of failure)
Confirm with . or Enter, or press ? or * to list all spells.
You miscast Scorch.
You are very lightly contaminated with residual magic.
Nothing appears to happen.
* * * LOW HITPOINT WARNING * * *
Robin hits you with a +0 short sword.
* * * LOW HITPOINT WARNING * * *
You take 8 damage, and have 1/30 hp.
MASSIVE DAMAGE!!
Casting: Scorch (safe; 9% risk of failure)
Confirm with . or Enter, or press ? or * to list all spells.
You don't have enough health to cast this spell.
You hit Robin. You burn Robin. Robin throws the goblin at you!
A goblin comes into view. It is wielding a +0 club.
The goblin shouts!
You hit Robin. You burn Robin. The goblin misses you.
Robin says, "We wiped out the hill dwarves - you're next!"
Robin hits you with a +0 short sword.
You die...

..##.
#.#....
....##.#..#
.(.#.#..#
#.#....#
#...##.#
##.☼#.<#
####°○####.
#g..°>○☼○..#
#@#########.
...gggg°#
§§§..####
☼§##


You could see Robin and 4 goblins.

Vanquished Creatures
  2 bats (D:1)
  2 endoplasms (D:1)
  7 goblins
  4 hobgoblins
  3 jackals (D:1)
  2 kobolds (D:1)
  A frilled lizard (D:1)
  3 rats (D:1)
24 creatures vanquished.

Notes
Turn   | Place    | Note
-------+----------+-------------------------------------------
     0 | D:1      | IndexError the Djinni Cinder Acolyte began the quest for
                  | the Orb.
     0 | D:1      | Reached XP level 1. HP: 20/20 MP: 0/0
   347 | D:1      | Reached XP level 2. HP: 16/25 MP: 0/0
  1195 | D:1      | Reached XP level 3. HP: 25/30 MP: 0/0
  1195 | D:1      | Learned a level 1 spell: Summon Small Mammal
  1386 | D:2      | Noticed Robin
  1397 | D:2      | HP: 1/30 [Robin (6)]
  1399 | D:2      | Slain by Robin

Illustrated notes

Levels and vault maps discovered:
D:1:      dpeg_arrival_brainrot, layout_basic
D:2:      layout_basic, uniq_robin, uniq_terence, uniq_sigmund

Action                   || total
-------------------------++-------
Melee: Falchion          ||    38
 Cast: Scorch            ||     9
Invok: Sea of Fire       ||     1
Armor: Robe              ||     7
Dodge: Dodged            ||    29

Table legend: (Time is in decaauts)
 A = Elapsed time spent in this place.
 B = Non-inter-level travel time spent in this place.
 C = Inter-level travel time spent in this place.
 D = Time resting spent in this place.
 E = Time spent auto-exploring this place.
 F = Levels seen in this place.
 G = Mean time per level.
                   A        B        C        D        E       F      G
               +--------+--------+--------+--------+--------+-----+--------+
         Total |   1407 |   1281 |    126 |      0 |   1164 |   2 |  703.5 |
       Dungeon |   1407 |   1281 |    126 |      0 |   1164 |   2 |  703.5 |
               +--------+--------+--------+--------+--------+-----+--------+

Top non-repeatable levels by time:
     D:1: 1373 daAuts
     D:2: 33 daAuts

Table legend:
 A = Kills in this place as a percentage of kills in entire the game.
 B = Kills by you in this place as a percentage of kills by you in the entire game.
 C = Kills by friends in this place as a percentage of kills by friends in the entire game.
 D = Other kills in this place as a percentage of other kills in the entire game.
 E = Experience gained in this place as a percentage of experience gained in the entire game.
 F = Experience gained in this place divided by the number of levels of this place that you have seen.
                   A       B       C       D       E      F
               +-------+-------+-------+-------+-------+----------------------
         Total | 100.0 | 100.0 |   N/A |   N/A | 100.0 |  21.5
       Dungeon | 100.0 | 100.0 |   N/A |   N/A | 100.0 |  21.5
               +-------+-------+-------+-------+-------+----------------------
